Map: Disco Bloodbath LE

Players

SmellyDwarf - Winner!

  • Race: Protoss Protoss
  • League: Platinum
  • Spawn Location: 9:00

pHARM

  • Race: Zerg Zerg
  • League: Platinum
  • Spawn Location: 3:00

VOD

Have the link to the VOD?

Description

Time

  • Played on: Sept. 14, 2019, 3:43 p.m.
  • Length: 14:08
Show
View Real Time Build Order
Export as new Build Order

SmellyDwarf Protoss - Winner!

Build Orders: 1 Gate Expand, Oracle Opening, Carriers 

Get SALT Encoding   

  12  0:01  Probe  
  13  0:13  Probe  
  14  0:23  Pylon  
  14  0:28  Probe  
  15  0:41  Gateway  
  15  0:47  Probe (Chrono Boost)  
  16  0:50  Assimilator  
  16  0:55  Probe (Chrono Boost)  
  17  1:01  Probe  
  18  1:13  Probe  
  19  1:38  Nexus  
  19  1:43  Cybernetics Core  
  19  1:47  Probe  
  20  1:55  Assimilator  
  20  2:00  Probe (Chrono Boost)  
  21  2:03  Pylon  
  21  2:12  Probe (Chrono Boost)  
  22  2:19  Zealot (Chrono Boost)  
  22  2:21  Probe (Chrono Boost)  
  25  2:32  Probe  
  26  2:44  Probe  
  26  2:47  Stargate  
  27  2:53  Gateway  
  27  2:56  Probe (Chrono Boost)  
  28  3:02  Probe (Chrono Boost)  
  29  3:07  Probe (Chrono Boost)  
  29  3:10  Probe (Chrono Boost)  
  29  3:11  Probe (Chrono Boost)  
  30  3:17  Gateway  
  30  3:19  Warp Gate  
  31  3:21  Probe  
  31  3:23  Probe  
  33  3:31  Oracle (Chrono Boost)  
  33  3:33  Probe  
  34  3:35  Probe  
  34  3:40  Stargate  
  38  3:45  Pylon, Probe  
  38  3:47  Probe  
  40  3:57  Probe  
  40  3:59  Probe  
  40  4:01  Oracle (Chrono Boost)  
  42  4:09  Probe, Assimilator  
  46  4:11  Probe  
  46  4:13  Assimilator  
  47  4:20  Zealot x2  
  47  4:21  Probe  
  47  4:23  Probe  
  53  4:33  Fleet Beacon, Probe  
  54  4:44  Pylon  
  54  4:53  Pylon  
  54  5:02  Probe x2  
  56  5:14  Probe  
  56  5:17  Carrier (Chrono Boost)  
  63  5:23  Nexus  
  63  5:25  Pylon, Carrier (Chrono Boost)  
  69  5:29  Pylon  
  69  5:35  Probe  
  70  5:43  Probe  
  71  5:55  Zealot x2  
  71  5:56  Zealot  
  77  6:03  Pylon  
  76  6:08  Pylon  
  76  6:14  Gateway  
  76  6:26  Carrier (Chrono Boost)  
  76  6:28  Zealot  
  76  6:29  Zealot  
  86  6:39  Nexus  
  86  6:43  Pylon  
  86  6:45  Pylon  
  86  6:48  Pylon, Protoss Air Weapons Level 1 (Chrono Boost)  
  86  6:53  Stargate  
  86  7:01  Probe  
  87  7:03  Probe  
  87  7:07  Carrier (Chrono Boost)  
  88  7:13  Probe  
  95  7:21  Carrier (Chrono Boost)  
  101  7:32  Probe  
  101  7:33  Probe  
  103  7:37  Pylon  
  103  7:41  Pylon  
  103  7:42  Carrier (Chrono Boost)  
  109  7:48  Cybernetics Core  
  109  7:55  Probe  
  109  7:56  Probe x2  
  112  8:02  Carrier (Chrono Boost)  
  118  8:07  Probe  
  118  8:08  Probe x2  
  121  8:22  Carrier (Chrono Boost)  
  127  8:36  Assimilator  
  127  8:39  Probe  
  127  8:40  Carrier (Chrono Boost), Probe, Assimilator  
  135  8:43  Forge  
  135  8:46  Twilight Council  
  135  8:57  Probe  
  135  9:01  Probe x2  
  138  9:06  Protoss Air Weapons Level 2 (Chrono Boost)  
  138  9:14  Protoss Air Armor Level 1 (Chrono Boost)  
  138  9:15  Probe x2  
  138  9:16  Probe  
  141  9:39  Nexus  
  141  9:41  Pylon  
  141  9:44  Pylon  
  141  9:45  Pylon  
  141  9:49  Photon Cannon, Assimilator  
  141  9:51  Assimilator  
  141  9:52  Photon Cannon  
  141  9:55  Photon Cannon  
  141  9:57  Shield Battery  
  141  9:59  Carrier, Probe  
  148  10:00  Shield Battery  
  148  10:02  Carrier  
  148  10:06  Carrier  
  156  10:40  Stalker  
  156  10:42  Probe  
  148  11:04  Carrier  
  154  11:06  Carrier  
  154  11:08  Probe  
  154  11:10  Carrier  
  167  11:23  Probe x3  
  167  11:24  Probe  
  171  11:26  Charge (Chrono Boost)  
  171  11:45  Probe  
  172  11:47  Protoss Air Armor Level 2 (Chrono Boost)  
  172  11:48  Pylon  
  172  11:49  Pylon  
  172  11:51  Pylon  
  172  11:53  Photon Cannon  
  172  11:56  Photon Cannon  
  172  11:57  Photon Cannon  
  172  12:08  Carrier  
  178  12:18  Carrier  
  178  12:19  Carrier  
  186  12:26  Zealot  
  186  12:27  Zealot x3  
  194  12:30  Probe  
  194  12:31  Probe  
  185  13:04  Pylon  
  185  13:06  Pylon  
  185  13:08  Pylon  
  185  13:10  Pylon  
  185  13:31  Probe  
  185  13:32  Probe x3  
  189  13:47  Zealot x4  
Show
View Real Time Build Order
Export as new Build Order

pHARM Zerg 

Build Orders: Hatch First 

Get SALT Encoding   

  12  0:04  Drone  
  13  0:15  Overlord  
  13  0:18  Drone  
  14  0:33  Drone x2  
  16  0:49  Hatchery  
  15  0:54  Drone  
  15  0:56  Drone  
  17  1:03  Drone  
  18  1:18  Spawning Pool  
  18  1:20  Drone  
  18  1:21  Drone  
  19  1:36  Drone  
  20  1:43  Drone  
  21  1:47  Extractor  
  20  1:54  Overlord  
  20  2:05  Queen x2  
  20  2:07  Drone x2  
  26  2:18  Drone x2  
  28  2:33  Drone x2  
  30  2:41  Pneumatized Carapace  
  30  2:50  Drone  
  30  2:51  Drone x3  
  34  2:54  Queen  
  36  2:59  Overlord x2  
  36  3:07  Overlord x2  
  36  3:15  Evolution Chamber  
  36  3:16  Evolution Chamber, Drone x2  
  36  3:17  Drone x2  
  36  3:18  Drone x2  
  40  3:31  Metabolic Boost  
  40  3:35  Drone  
  40  3:36  Drone x3  
  40  3:38  Extractor  
  40  3:39  Extractor  
  42  3:56  Zerg Melee Weapons Level 1  
  42  4:12  Zergling x16  
  50  4:28  Drone x4  
  50  4:29  Drone x2  
  50  4:30  Drone  
  57  4:35  Hatchery  
  56  4:40  Spore Crawler  
  56  4:44  Spore Crawler  
  56  4:45  Drone  
  55  4:49  Lair  
  55  4:51  Drone  
  53  5:14  Drone  
  53  5:15  Drone x5  
  59  5:41  Drone x3  
  60  6:04  Spore Crawler  
  59  6:22  Hydralisk Den  
  59  6:25  Zerg Ground Armor Level 1, Zerg Missile Weapons Level 1  
  58  6:30  Drone x2  
  58  6:31  Infestation Pit  
  59  6:40  Drone x6  
  59  6:41  Drone x9  
  74  7:07  Baneling Nest  
  74  7:08  Extractor  
  72  7:11  Extractor  
  72  7:12  Extractor  
  72  7:14  Hydralisk x2  
  74  7:17  Overlord x8  
  72  7:37  Hydralisk x4  
  72  7:38  Hydralisk x2  
  72  7:43  Muscular Augments  
  84  7:45  Hive  
  84  7:51  Hydralisk x9  
  102  7:59  Drone  
  102  8:01  Queen x2  
  106  8:25  Drone x4  
  110  8:28  Drone  
  110  8:29  Drone  
  110  8:30  Hatchery  
  111  8:36  Overlord, Queen  
  111  8:37  Overlord  
  111  8:39  Zergling x6  
  111  8:40  Zergling x8  
  111  8:41  Centrifical Hooks  
  120  8:50  Hydralisk x2  
  120  8:54  Grooved Spines  
  120  8:55  Zergling x2  
  125  9:04  Hatchery  
  124  9:21  Hydralisk  
  124  9:22  Hydralisk x12  
  150  9:45  Zergling x20  
  159  9:51  Baneling  
  159  9:52  Baneling x21  
  160  9:53  Baneling x4  
  160  10:12  Overlord x2  
  160  10:13  Overlord x3  
  153  10:40  Hydralisk  
  153  10:41  Hydralisk x16  
  153  10:42  Hydralisk x6  
  158  11:04  Spire  
  157  11:07  Hydralisk  
  157  11:08  Hydralisk x3  
  157  11:09  Overlord x5  
  157  11:10  Overlord x2  
  165  11:33  Drone  
  165  11:34  Drone x11  
  165  11:36  Drone x3  
  180  11:45  Hydralisk x5  
  190  12:20  Corruptor x2  
  190  12:21  Corruptor x2  
  176  12:53  Corruptor x8  
  176  12:55  Corruptor  
  168  13:05  Corruptor  
  144  13:06  Swarm Host  
  131  13:15  Corruptor  
  131  13:17  Zergling x2  
  131  13:18  Zergling x30  
  125  13:33  Corruptor x3  
  127  13:38  Extractor  
  127  13:40  Extractor, Zergling x16  
Tags
 
Add a new tag
Caveats
  • Supply blocks, unpowered buildings, or Contaminate may cause inaccurate times.
  • Supply counts are checked every 10 seconds.